 Dungeon Crawl Stone Soup version 0.31-a0-1603-gbec6b6ccbf (webtiles) character file.

Game seed: 17145593732776707382

102 MisterAzrael the Trooper (level 4, -6/41 HPs)
             Began as a Hill Orc Fighter on Jan 7, 2024.
             Was a Priest of Cheibriados.
             Splashed by a jelly's acid (8 damage)
             ... on level 3 of the Dungeon.
             The game lasted 00:02:44 (1740 turns).

MisterAzrael the Trooper (Hill Orc Fighter)         Turns: 1740, Time: 00:02:45

Health: -6/41      AC:  8    Str: 26    XL:     4   Next: 78%
Magic:  4/4        EV:  8    Int: 14    God:    Cheibriados [***...]
Gold:   62         SH:  5    Dex: 16    Spells: 3/3 levels left

rFire   . . .        a - +0 war axe
rCold   . . .        c - +0 buckler
rNeg    . . .        m - +0 chain mail
rPois   .            g - +2 helmet
rElec   .            (no cloak)
rCorr   .            (no gloves)
SInv    .            (no boots)
Will    .....        (no amulet) Stlth
                     (no ring)
HPRegen 0.26/turn    (no ring)
MPRegen 0.09/turn

%: no passive effects
@: mighty, corroded, very slow
A: no striking features
a: Renounce Religion, Convert to Beogh, Bend Time, Temporal Distortion


You were on level 3 of the Dungeon.
You worshipped Cheibriados.
Cheibriados was most pleased with you.
You visited 1 branch of the dungeon, and saw 3 of its levels.

You collected 62 gold pieces.

Inventory:

Hand Weapons
 a - a +0 war axe (weapon)
 r - the +5 dagger "Xeykh" {elec, SInv}
   (You took it off a goblin on level 2 of the Dungeon)

   SInv:      It lets you see invisible.
Missiles
 q - 5 boomerangs
Armour
 b - a +0 scale mail
 c - a +0 buckler (worn)
 g - a +2 helmet (worn)
 m - a +0 chain mail (worn)
Jewellery
 l - a ring of fire
 p - a ring of protection from fire
Scrolls
 e - 2 scrolls of teleportation {unknown}
 j - a scroll of vulnerability {unknown}
 k - 2 scrolls of enchant armour {unknown}
 n - a scroll of fog {unknown}
 o - 3 scrolls of identify {unknown}
Potions
 f - a potion of degeneration {unknown}
 h - a potion of haste {unknown}
 i - a potion of ambrosia {unknown}


   Skills:
 + Level 4.8 Fighting
 + Level 3.6 Axes
 + Level 3.9 Armour
 + Level 3.9 Shields
 * Level 1.0 Invocations


You had 3 spell levels left.
You didn't know any spells.
Your spell library was empty.

Dungeon Overview and Level Annotations

Branches:
Dungeon (3/15)

Altars:
Cheibriados
Qazlal
Sif Muna

Annotations:
D:3 Natasha


Message History

It was a potion of curing.
You feel better. The orc wizard closely misses you.
You closely miss the orc wizard.
The orc wizard hits you but does no damage.
You closely miss the orc wizard.
The orc wizard hits you but does no damage.
The orc wizard points at you and mumbles some strange words.
The puff of flame hits you!
The orc priest casts a cantrip, but nothing happens.
You slash the orc wizard!
The orc wizard is heavily wounded.
The orc wizard barely misses you.
The orc priest invokes the aid of Beogh against you.
Beogh smites you!
* * * LOW HITPOINT WARNING * * *
You barely miss the orc wizard.
The orc wizard is heavily wounded.
The orc wizard barely misses you.
You slash the orc wizard!
You kill the orc wizard!
Cheibriados appreciates the change of pace.
The giant cockroach closely misses you.
Your Invocations skill increases to level 1!
You feel better. The giant cockroach barely misses you.
You slash the giant cockroach!
You kill the giant cockroach!
Cheibriados thoroughly appreciates the change of pace.
Natasha stares at you and mumbles some strange words.
You resist with some effort.
The orc priest calls down the wrath of Beogh upon you.
Pain shoots through your body!
* * * LOW HITPOINT WARNING * * *
Natasha casts a spell.
You hit the jelly.
Your hands burn!
* * * LOW HITPOINT WARNING * * *
The jelly is lightly wounded.
The jelly barely misses you.
You fail to use your ability.
The jelly hits you.
* * * LOW HITPOINT WARNING * * *
The acid corrodes you!
You are splashed with acid!
You die...

....### .......
....... .......
o...... h5......#
######Jo......######.
#....@# .........#
######.....#
#........+
...........#
#........# #####.....#
#.≈§.≈≈.# #.....#
####.≈≈§○≈.## #..#'##
#....≈≈_≈≈... #..#..#
#.##.☼○≈§≈.#.
#..##.####.##.≈≈≈≈≈...
#..##.#....##.......##


You could see a jelly, an orc priest, Natasha, a cerulean imp (summoned) and an
orc.

Vanquished Creatures
  An orc wizard (D:3)
  An adder (D:2)
  A dart slug (D:2)
  A ribbon worm (D:2)
  7 ball pythons
  9 endoplasms (D:1)
  4 giant cockroaches
  7 goblins
  4 hobgoblins
  5 jackals (D:1)
  2 quokkas
  6 bats
  A frilled lizard (D:1)
  3 kobolds
  6 rats
58 creatures vanquished.

Notes
Turn   | Place    | Note
-------+----------+-------------------------------------------
     0 | D:1      | MisterAzrael the Hill Orc Fighter began the quest for the
                  | Orb.
     0 | D:1      | Reached XP level 1. HP: 19/19 MP: 1/1
    71 | D:1      | Reached XP level 2. HP: 27/27 MP: 2/2
   149 | D:1      | Reached skill level 4 in Fighting
   341 | D:1      | Found a faded altar of an unknown god.
   358 | D:1      | Prayed at the altar of an unknown god.
   358 | D:1      | Became a worshipper of Cheibriados the Contemplative
   358 | D:1      | Reached * piety under Cheibriados
   360 | D:1      | Reached XP level 3. HP: 33/33 MP: 3/3
   714 | D:1      | Reached ** piety under Cheibriados
  1224 | D:2      | Identified the +5 dagger "Xeykh" {elec, SInv}
  1284 | D:2      | Reached XP level 4. HP: 37/41 MP: 4/4
  1588 | D:3      | Found a stormy altar of Qazlal.
  1682 | D:3      | Reached *** piety under Cheibriados
  1693 | D:3      | Found a shimmering blue altar of Sif Muna.
  1727 | D:3      | Noticed Natasha
  1737 | D:3      | Reached skill level 1 in Invocations
  1740 | D:3      | HP: 2/41 [jelly (3)]
  1740 | D:3      | Splashed by a jelly's acid

Illustrated notes

Levels and vault maps discovered:
D:1:      roderic_octagonal_star, layout_loops_ring,
          hellmonk_ecumenical_altar_zigzags
D:2:      layout_basic, nicolae_the_louvre
D:3:      layout_basic, grunt_qazlal_sundering, nicolae_sif_muna_condensation,
          uniq_natasha

Skill      XL: |  1  2  3  4 |
---------------+-------------+-----
Fighting       | 4 |  4.8
Axes           | 3 |  3.6
Invocations    | 1 |  1.0
Armour         | |  3.9
Shields        | |  3.9

Action                     |  1- 3 |  4- 6 || total
---------------------------+-------+-------++-------
  Melee: War axe           |   113 |    26 ||   139
    Use: Potion            |       |     3 ||     3
 Armour: Scale mail        |    46 |       ||    46
         Chain mail        |    32 |    20 ||    52
  Dodge: Dodged            |    67 |    14 ||    81
  Block: Buckler           |    32 |     5 ||    37

Table legend: (Time is in decaauts)
 A = Elapsed time spent in this place.
 B = Non-inter-level travel time spent in this place.
 C = Inter-level travel time spent in this place.
 D = Time resting spent in this place.
 E = Time spent auto-exploring this place.
 F = Levels seen in this place.
 G = Mean time per level.
                   A        B        C        D        E       F      G
               +--------+--------+--------+--------+--------+-----+--------+
         Total |   2354 |   2162 |    192 |      0 |   1697 |   3 |  784.7 |
       Dungeon |   2354 |   2162 |    192 |      0 |   1697 |   3 |  784.7 |
               +--------+--------+--------+--------+--------+-----+--------+

Top non-repeatable levels by time:
     D:1: 1188 daAuts
     D:2: 899 daAuts
     D:3: 266 daAuts
